 Dungeon Crawl Stone Soup version 0.21.1-1-g345015f (webtiles) character file.

1165 Mirai the Cleaver (level 8, 0/70 HPs)
             Began as a Hill Orc Fighter on Mar 6, 2018.
             Slain by a centaur (3 damage)
             ... on level 5 of the Dungeon.
             The game lasted 00:08:59 (3409 turns).

Mirai the Cleaver (Hill Orc Fighter)                Turns: 3409, Time: 00:09:00

Health: 0/70       AC:  0    Str: 18 (20) XL:     8   Next: 40%
Magic:  8/8        EV: 17    Int:  7 (8)  God:
Gold:   307        SH:  0    Dex: 15 (16) Spells: 7/7 levels left

rFire    . . .     SeeInvis .   (weapon currently unavailable)
rCold    . . .     Gourm    .   (shield currently unavailable)
rNeg     . . .     Faith    .   (armour currently unavailable)
rPois    .         Spirit   .   (helmet currently unavailable)
rElec    .         Reflect  .   (cloak currently unavailable)
rCorr    .         Harm     .   (gloves currently unavailable)
MR       .....                  (boots currently unavailable)
Stlth    +.........             t - amulet of magic regeneration
HPRegen  0.21/turn              (ring currently unavailable)
MPRegen  0.36/turn              (ring currently unavailable)

@: bat-form, flying, very quick
A: tiny, wild magic 1
a: no special abilities


You were on level 5 of the Dungeon.
You were hungry.
You were in bat-form.
You visited 1 branch of the dungeon, and saw 6 of its levels.

You collected 307 gold pieces.

Inventory:

Hand Weapons
 a - a +1 war axe (melded)
Armour
 b - a +0 scale mail
 j - a +0 pair of boots (melded)
 p - a +0 shield (melded)
 u - a +3 ring mail (melded)
 y - a +0 pair of gloves (melded)
Jewellery
 i - a +3 ring of intelligence (melded)
 t - an amulet of magic regeneration (around neck)
 B - an uncursed ring of ice {unknown}
Wands
 r - a wand of acid (7)
Scrolls
 g - a scroll of acquirement {unknown}
 l - 8 scrolls of identify
 n - a scroll of enchant weapon
 q - 4 scrolls of immolation
 v - 3 scrolls of remove curse
 z - a scroll of amnesia {unknown}
Potions
 e - 2 potions of agility
 h - 2 potions of brilliance {unknown}
 A - a potion of flight
Books
 x - a book of Flames

   Spells                             Type                      Level
   a - Flame Tongue                   Conjuration/Fire             1
   b - Throw Flame                    Conjuration/Fire             2
   c - Conjure Flame                  Conjuration/Fire             3
   d - Inner Flame                    Hexes/Fire                   3
   e - Sticky Flame                   Conjuration/Fire             4
   f - Fireball                       Conjuration/Fire             5
Comestibles
 f - 7 rations


   Skills:
 + Level 5.6 Fighting
 + Level 8.5 Axes
 + Level 5.9 Armour
 + Level 6.1 Shields


You had 7 spell levels left.
You didn't know any spells.

Dungeon Overview and Level Annotations

Branches:
Dungeon (6/15)
 Temple: D:4-7

Altars:
Ashenzari
Trog

Portals:
Ossuary: D:5

Annotations:
D:5 Duvessa, Pikel


Innate Abilities, Weirdness & Mutations

((You are partially covered in icy blue scales. (AC +2)))
Your spells are a little harder to cast, but a little more powerful.


Message History

* * * LOW HITPOINT WARNING * * *
You hit the centaur but do no damage.
The centaur is almost dead.
You hear the rapid hiss of a distant avalanche of sand.
The centaur hits you.
* * * LOW HITPOINT WARNING * * *
Duvessa completely misses you. The centaur hits you!
* * * LOW HITPOINT WARNING * * *
You hit the centaur but do no damage.
The centaur is almost dead.
Duvessa closely misses you. The centaur barely misses you.
Unknown command.
You hit the centaur but do no damage.
The centaur is almost dead.
The centaur misses you. Duvessa misses you.
Unknown command.
You hit the centaur.
The centaur is almost dead.
The centaur hits you.
You die...

*..,..#..#.,..,,.....
*,#..#....,,..####.#.
*,#.....K#**,.# *,*,
#,*#$#.#.###%.##**,*,
#.##.#.#(.......,,,,,
#.#....#..#.#.##**,**
#..$#.........# *,*
**#.ce...#5.#.# *,**
##b#.###c.#,# *,,,
#.#.# *..#,# ****
#(#.###..#.###****
#.#......Z...,,,,,
#.#.###..##.#****,
#.#......##.#***#.
#.#..##.....#*,..,
#.#.<#####..##.##.
#.#...............


You could see Duvessa and a centaur.

Vanquished Creatures
  Grinder (D:5)
  Sigmund (D:5)
  A black bear (D:6)
  An ice beast (D:5)
  A centaur (D:5)
  Dowan (D:5)
  A howler monkey (D:4)
  5 hounds
  A bullfrog skeleton (D:4)
  Jessica (D:2)
  2 iguanas
  9 adders
  4 gnolls (D:4)
  A shadow imp (D:6)
  An ooze (D:1)
  4 dart slugs
  2 leopard geckos
  6 orcs
  12 bats
  3 giant cockroaches
  6 goblins
  8 hobgoblins
  A jackal (D:4)
  A quokka (D:6)
  2 ball pythons
  6 frilled lizards
  5 kobolds
  3 rats
90 creatures vanquished.

Notes
Turn   | Place    | Note
-------+----------+-------------------------------------------
     0 | D:1      | Mirai the Hill Orc Fighter began the quest for the Orb.
     0 | D:1      | Reached XP level 1. HP: 19/19 MP: 1/1
    59 | D:1      | Reached XP level 2. HP: 22/27 MP: 2/2
   157 | D:1      | Reached skill level 3 in Axes
   605 | D:1      | Reached XP level 3. HP: 32/33 MP: 3/3
   744 | D:2      | Found a bloodstained altar of Trog.
   771 | D:2      | Noticed Jessica
   779 | D:2      | Killed Jessica
   779 | D:2      | Reached XP level 4. HP: 28/40 MP: 4/4
   801 | D:2      | Reached skill level 4 in Axes
  1374 | D:3      | Reached XP level 5. HP: 46/47 MP: 5/5
  1831 | D:4      | Reached skill level 5 in Axes
  2013 | D:4      | Reached XP level 6. HP: 30/53 MP: 6/6
  2340 | D:4      | Reached skill level 6 in Axes
  2693 | D:4      | Reached skill level 5 in Shields
  2868 | D:5      | Entered Level 5 of the Dungeon
  2874 | D:5      | Noticed Sigmund
  2875 | D:5      | Noticed an ice beast
  2883 | D:5      | Killed Sigmund
  2883 | D:5      | Reached skill level 5 in Fighting
  2883 | D:5      | Reached XP level 7. HP: 33/61 MP: 7/7
  2884 | D:5      | Reached skill level 7 in Axes
  2884 | D:5      | Reached skill level 5 in Armour
  2927 | D:5      | Noticed Pikel
  2928 | D:5      | Noticed Grinder
  2930 | D:5      | You fall through a shaft!
  3101 | D:6      | Found a shattered altar of Ashenzari.
  3160 | D:5      | Reached XP level 8. HP: 45/69 MP: 8/8
  3168 | D:5      | Found a sand-covered staircase.
  3169 | D:5      | Noticed Dowan
  3170 | D:5      | Noticed Duvessa
  3177 | D:5      | Gained mutation: Your spells are a little harder to cast, but a little more powerful. [potion of mutation]
  3177 | D:5      | Gained mutation: You are partially covered in icy blue scales. (AC +2) [potion of mutation]
  3179 | D:5      | HP: 3/69 [Dowan/dagger of venom (6)]
  3183 | D:5      | Killed Dowan
  3183 | D:5      | Reached skill level 8 in Axes
  3386 | D:5      | Killed Grinder
  3406 | D:5      | HP: 2/70 [centaur (7)]
  3409 | D:5      | Slain by a centaur

Skill      XL: |  1  2  3  4  5  6  7  8 |
---------------+-------------------------+-----
Axes           | 3 4 5 6 7 8 |  8.5
Fighting       | 4 5 |  5.6
Shields        | 4 5 6 |  6.1
Armour         | 4 5 |  5.9

Action                   |  1- 3 |  4- 6 |  7- 9 || total
-------------------------+-------+-------+-------++-------
Melee: War axe           |    72 |   198 |    44 ||   314
       Unarmed           |       |       |    17 ||    17
  Use: Scroll            |       |     6 |     3 ||     9
       Potion            |       |     1 |     7 ||     8
  Eat: Chunk             |       |     7 |     1 ||     8
Armor: Scale mail        |    40 |    34 |       ||    74
       Ring mail         |       |    86 |    19 ||   105
Dodge: Dodged            |    34 |    97 |    37 ||   168
Block: Shield            |    40 |   138 |    25 ||   203
